 Dungeon Crawl Stone Soup version 0.22.0-49-gab54619 (webtiles) character file.

80 Folque the Skirmisher (level 4, 0/42 HPs)
             Began as a Hill Orc Monk on Sept 8, 2018.
             Was a Believer of Zin.
             Slain by an orc
             ... wielding a +0 trident
              (5 damage)
             ... on level 3 of the Dungeon.
             The game lasted 00:08:24 (1925 turns).

Folque the Skirmisher (Hill Orc Monk)               Turns: 1925, Time: 00:08:26

Health: 0/42       AC:  5    Str: 14    XL:     4   Next: 39%
Magic:  4/4        EV: 11    Int: 10    God:    Zin [**....]
Gold:   73         SH:  0    Dex: 13    Spells: 3/3 levels left

rFire    + . .     SeeInvis .   a - +0 hand axe
rCold    + . .     Gourm    .   (no shield)
rNeg     . . .     Faith    .   i - +0 ring mail
rPois    +         Spirit   .   (no helmet)
rElec    +         Reflect  .   (no cloak)
rCorr    +         Harm     .   (no gloves)
MR       .....                  (no boots)
Stlth    +.........             (no amulet)
HPRegen  0.14/turn              (no ring)
MPRegen  0.09/turn              (no ring)

@: resistant
A: no striking features
a: Recite, Vitalisation, Donate Gold, Renounce Religion


You were on level 3 of the Dungeon.
You worshipped Zin.
Zin was pleased with you.
You were hungry.

You visited 1 branch of the dungeon, and saw 3 of its levels.

You collected 127 gold pieces.
You donated 54 gold pieces to Zin.

Inventory:

Hand Weapons
 a - a +0 hand axe (weapon)
 s - a +0 short sword of venom
Armour
 b - a +0 robe
 i - a +0 ring mail (worn)
 n - a +0 robe of positive energy
Jewellery
 h - an uncursed amulet of guardian spirit {unknown}
 u - a cursed -3 ring of evasion {unknown}
Scrolls
 d - a scroll of identify
 e - a scroll of fear {unknown}
 f - 2 scrolls of teleportation {unknown}
 k - a scroll of blinking {unknown}
 l - a scroll of fog {unknown}
 o - a scroll of random uselessness {unknown}
 q - 2 scrolls of magic mapping {unknown}
 v - 2 scrolls of remove curse {unknown}
Potions
 g - 3 potions of mutation
 j - 2 potions of resistance
 m - a potion of agility {unknown}
 p - a potion of brilliance {unknown}
 r - a potion of curing {unknown}
Comestibles
 c - 7 rations


   Skills:
 - Level 5.0 Fighting
 - Level 5.0 Axes
 * Level 1.6 Armour
 + Level 2.4 Dodging
 - Level 1.5 Stealth
 * Level 0.2 Invocations


You had 3 spell levels left.
You didn't know any spells.
Your spell library was empty.

Dungeon Overview and Level Annotations

Branches:
Dungeon (3/15)

Altars:
Zin

Annotations:
D:3 Sigmund


Message History

Sigmund is severely wounded.
The orc misses you. Sigmund misses you.
You hit Sigmund.
Sigmund is severely wounded.
The orc hits you from afar with a trident.
* * * LOW HITPOINT WARNING * * *
You hit Sigmund but do no damage.
Sigmund is severely wounded.
Sigmund is lost in a daze.
The orc is lost in a daze.
You hit Sigmund.
Sigmund is severely wounded.
Sigmund closely misses you.
The orc is lost in a daze.
You hit Sigmund.
Sigmund is almost dead.
Sigmund gestures at you while chanting. The magic dart hits you!
Zin protects you from harm!
The orc grunts loudly.
The orc hits you from afar with a trident.
You die...

#...# #.### #.# #.#
#.# #.# #.#
#######.# #wo@@(..#
......†####......).
#...... .########
#.#.#.. ## # # #..
#.. #?. # ... # #


You could see Sigmund (dazed), a dart slug and an orc (dazed).

Vanquished Creatures
  An adder (D:3)
  An ooze (D:1)
  2 dart slugs
  2 leopard geckos
  A ball python (D:2)
  2 giant cockroaches (D:2)
  8 goblins
  12 hobgoblins
  A quokka (D:2)
  10 bats
  6 frilled lizards
  4 kobolds
  8 rats
58 creatures vanquished.

Notes
Turn   | Place    | Note
-------+----------+-------------------------------------------
     0 | D:1      | Folque the Hill Orc Monk began the quest for the Orb.
     0 | D:1      | Reached XP level 1. HP: 19/19 MP: 1/1
    95 | D:1      | Reached XP level 2. HP: 18/27 MP: 2/2
   619 | D:1      | Reached XP level 3. HP: 32/34 MP: 3/3
  1178 | D:2      | Reached skill level 1 in Armour
  1251 | D:2      | Reached XP level 4. HP: 32/41 MP: 4/4
  1477 | D:2      | Found a glowing silver altar of Zin.
  1491 | D:2      | Became a worshipper of Zin the Law-Giver
  1491 | D:2      | Reached * piety under Zin
  1491 | D:2      | Reached ** piety under Zin
  1492 | D:2      | Donated 42 gold pieces to Zin
  1845 | D:3      | Reached skill level 5 in Fighting
  1845 | D:3      | Reached skill level 5 in Axes
  1883 | D:3      | Noticed Sigmund
  1913 | D:3      | Zin protects you from harm!
  1925 | D:3      | Zin protects you from harm!
  1925 | D:3      | Slain by an orc

Skill      XL: |  1  2  3  4 |
---------------+-------------+-----
Fighting       | 4 5 |  5.0
Armour         | 1 |  1.6
Axes           | 5 |  5.0
Dodging        | |  2.4
Stealth        | |  1.5
Invocations    | |  0.2

Action                   |  1- 3 |  4- 6 || total
-------------------------+-------+-------++-------
Melee: Hand axe          |   144 |    68 ||   212
Invok: Recite            |       |     2 ||     2
       Donate Gold       |       |     1 ||     1
  Use: Potion            |       |     2 ||     2
       Scroll            |       |     1 ||     1
 Stab: Sleeping          |     1 |       ||     1
  Eat: Chunk             |     1 |     2 ||     3
Armor: Robe              |     4 |       ||     4
       Ring mail         |    46 |    22 ||    68
Dodge: Dodged            |   113 |    56 ||   169
